 Dungeon Crawl Stone Soup version 0.21.0-3-g78d12a8 (webtiles) character file.

129 MTVSty1e the Slasher (level 4, -14/23 HPs)
             Began as a Spriggan Chaos Knight on Jan 9, 2018.
             Blown up by Ijyb (17 damage)
             ... with a wand of disintegration (8)
             ... on level 3 of the Dungeon.
             The game lasted 00:04:01 (2387 turns).

MTVSty1e the Slasher (Spriggan Chaos Knight)        Turns: 2387, Time: 00:04:02

Health: -14/23     AC:  4    Str:  9    XL:     4   Next: 88%
Magic:  5/5        EV: 18    Int: 15    God:    Xom [......]
Gold:   95         SH:  0    Dex: 15    Spells: 0/3 levels left

rFire    + . .     SeeInvis +   a - +0 falchion (chaos)
rCold    . . .     Gourm    .   (shield restricted)
rNeg     . . .     Faith    .   b - +2 robe
rPois    .         Spirit   .   (helmet restricted)
rElec    .         Reflect  .   (no cloak)
rCorr    .         Harm     .   (gloves unavailable)
MR       .....                  (boots unavailable)
Stlth    +.........             (no amulet)
HPRegen  0.07/turn              (no ring)
MPRegen  0.09/turn              (no ring)

@: confused, very quick
A: very small, unfitting armour, large bone plates 1, see invisible, clever 1,
fire resistance 1, herbivore, speed 3, slow metabolism 2
a: Renounce Religion


You were on level 3 of the Dungeon.
You worshipped Xom.
You were a very special plaything of Xom.
You were not hungry.

You visited 1 branch of the dungeon, and saw 3 of its levels.

You collected 95 gold pieces.

Inventory:

Hand Weapons
 a - a +0 falchion of chaos (weapon)
Armour
 b - a +2 robe (worn)
Scrolls
 d - 3 scrolls of identify {unknown}
 f - a scroll of fear {unknown}
 i - a scroll of magic mapping {unknown}
 j - 2 scrolls of remove curse {unknown}
Potions
 e - 2 potions of heal wounds {unknown}
 h - a potion of mutation {unknown}
 k - a potion of flight {unknown}
 m - a potion of resistance {unknown}
 n - a potion of berserk rage {unknown}
Books
 l - a book of Necromancy

   Spells                             Type                      Level
   a - Pain                           Necromancy                   1
   b - Animate Skeleton               Necromancy                   1
   c - Vampiric Draining              Necromancy                   3
   d - Regeneration                   Charms/Necromancy            3
   e - Animate Dead                   Necromancy                   4
   f - Borgnjor's Vile Clutch         Necromancy/Earth             5
 o - a book of Party Tricks

   Spells                             Type                      Level
   a - Summon Butterflies             Summoning                    1
   b - Apportation                    Translocation                1
   c - Lesser Beckoning               Translocation                3
   d - Tukima's Dance                 Hexes                        3
   e - Alistair's Intoxication        Transmutation/Poison         5
   f - Invisibility                   Hexes                        6
Comestibles
 c - 3 rations


   Skills:
 - Level 2.4 Fighting
 * Level 4.7 Long Blades
 - Level 3.5 Dodging


You couldn't memorise any spells.
You knew the following spells:

 Your Spells              Type           Power        Failure   Level  Hunger
a - Regeneration          Chrm/Necr      #.........   63%         3    ####...


Dungeon Overview and Level Annotations

Branches:
Dungeon (3/15)

Altars:
Xom

Annotations:
D:3 Ijyb


Innate Abilities, Weirdness & Mutations

You are very small and have problems with some larger weapons.
You are too small for most types of armour.
You have supernaturally acute eyesight. (SInv)
You are a herbivore.
You cover ground extremely quickly.
You need consume almost no food.
You are partially covered in large bone plates. (SH +4)
Your mind is acute. (Int +2)
Your flesh is heat resistant. (rF+)


Message History

The jackal misses you.
You riposte.
You hit the jackal.
You kill the jackal!
The jackal completely misses you.
You riposte.
You hit the jackal but do no damage. Lightning courses through the jackal!
You kill the jackal!
You closely miss Ijyb.
Ijyb is severely wounded.
You block Ijyb's attack.
You closely miss Ijyb.
Ijyb is severely wounded. "Heh heh heh..."
You are confused.
Ijyb closely misses you.
You bump into the rock wall.
Ijyb completely misses you.
You bump into the rock wall.
Ijyb zaps a wand.
You are blasted!
* * * LOW HITPOINT WARNING * * *
Ijyb zaps a wand.
You are blasted!
Ouch! That really hurt!
You die...
Xom giggles madly!

.. ..# ..# ###.. ##...
. ... #### <.. #g# ....
.....#########.##..#
........<......@...#
....######.............
# #.##########..
.#######.# .........#
##########


You could see Ijyb.

Vanquished Creatures
  The ghost of MTVSty1e the Cudgeler, a weakling OgCK of Xom (D:3)
  An adder (D:2)
  3 worms
  4 dart slugs (D:1)
  A ball python (D:2)
  4 bats
  3 giant cockroaches
  9 goblins
  3 hobgoblins
  8 jackals
  5 frilled lizards
  6 kobolds
  6 rats
54 creatures vanquished.

Notes
Turn   | Place    | Note
-------+----------+-------------------------------------------
     0 | D:1      | MTVSty1e the Spriggan Chaos Knight began the quest for the Orb.
     0 | D:1      | Reached XP level 1. HP: 11/11 MP: 2/2
   113 | D:1      | Reached skill level 3 in Long Blades
   113 | D:1      | Reached XP level 2. HP: 16/16 MP: 3/3
   193 | D:1      | XOM: silly message
   375 | D:1      | XOM: smoke on damage
   540 | D:1      | XOM: butterfly on damage
   788 | D:1      | Reached XP level 3. HP: 17/19 MP: 4/4
   879 | D:1      | XOM: butterfly on damage
  1328 | D:2      | XOM: mild Tmut miscast
  1528 | D:2      | XOM is BORED!
  1528 | D:2      | XOM: noise
  1713 | D:2      | XOM: scenery: create altars
  1783 | D:2      | XOM: give mutations
  1783 | D:2      | Gained mutation: You are partially covered in large bone plates. (SH +4) [Xom's grace]
  1783 | D:2      | Gained mutation: Your mind is acute. (Int +2) [Xom's grace]
  1783 | D:2      | Gained mutation: Your flesh is heat resistant. (rF+) [Xom's grace]
  1822 | D:2      | Reached skill level 4 in Long Blades
  1829 | D:2      | XOM: god gift: 28 gold pieces
  1939 | D:2      | XOM: god gift: book of Necromancy
  2207 | D:2      | XOM: scenery: create altars
  2227 | D:2      | Reached XP level 4. HP: 23/23 MP: 5/5
  2315 | D:2      | XOM: god gift: book of Party Tricks
  2327 | D:3      | Learned a level 3 spell: Regeneration
  2335 | D:3      | Noticed MTVSty1e's ghost (weakling OgCK)
  2344 | D:3      | XOM: stat loss: -1 Dex (14/15)
  2355 | D:3      | Killed MTVSty1e's ghost
  2364 | D:3      | Noticed Ijyb
  2370 | D:3      | HP: 1/23 [disintegration (22)]
  2384 | D:3      | XOM: confusion
  2387 | D:3      | Blown up by Ijyb

Skill      XL: |  1  2  3 |
---------------+----------+-----
Long Blades    | 3 4 |  4.7
Fighting       | |  2.4
Dodging        | |  3.5

Action                   |  1- 3 |  4- 6 || total
-------------------------+-------+-------++-------
Melee: Falchion          |   123 |    31 ||   154
  Use: Potion            |       |     3 ||     3
 Stab: Sleeping          |     5 |       ||     5
       Paralysed         |     1 |       ||     1
Armor: Robe              |    13 |    12 ||    25
Dodge: Dodged            |    98 |    51 ||   149
Block: Other             |     4 |    10 ||    14
       Rpst.: Falchion   |    29 |    15 ||    44
